 Dungeon Crawl Stone Soup version 0.29.1 (webtiles) character file.

Game seed: 2601563706478421172

28 Doot the Magician (level 3, -3/21 HPs)
             Began as an Octopode Hedge Wizard on Sept 13, 2022.
             Slain by a centaur (6 damage)
             ... on level 6 of the Dungeon.
             The game lasted 00:02:52 (1200 turns).

Doot the Magician (Octopode Hedge Wizard)           Turns: 1200, Time: 00:02:52

Health: -3/21      AC:  3    Str:  9    XL:     3   Next: 14%
Magic:  3/8        EV: 14    Int: 18    God:
Gold:   36         SH:  0    Dex: 19    Spells: 1/9 levels left

rFire   . . .      SeeInvis .   a - +0 dagger
rCold   . . .      Faith    .   (no shield)
rNeg    . . .      Spirit   .   e - +2 hat of the Skies Above {rCorr Dex+8}
rPois   .          Reflect  .   (no amulet)
rElec   .          Harm     .   (no ring)
rCorr   +          Rampage  .   (no ring)
Will    .....                   (no ring)
Stlth   +++.......              (no ring)
HPRegen 0.07/turn               (no ring)
MPRegen 0.11/turn               (no ring)
                                (no ring)
                                (no ring)

@: hasted, very quick
A: almost no armour, amphibious, 8 rings, camouflage 1, gelatinous body 1,
(nimble swimmer 1), tentacles
a: no special abilities


You were on level 6 of the Dungeon.
You visited 1 branch of the dungeon, and saw 4 of its levels.

You collected 36 gold pieces.

Inventory:

Hand Weapons
 a - a +0 dagger (weapon)
Armour
 b - a +0 hat
 e - the +2 hat of the Skies Above (worn) {rCorr Dex+8}
   (You acquired it on level 6 of the Dungeon)

   Dex:       It affects your dexterity (+8).
   rCorr:     It protects you from acid and corrosion.
Magical Staves
 d - a staff of death
Scrolls
 g - a scroll of identify
Potions
 c - a potion of magic
 h - a potion of lignification


   Skills:
 + Level 0.2 Short Blades
 + Level 2.2 Dodging
 + Level 2.7 Stealth
 + Level 3.8 Spellcasting
 + Level 1.1 Conjurations
 + Level 1.0 Summonings
 + Level 1.0 Translocations


You had one spell level left.
You knew the following spells:

 Your Spells              Type           Power      Damage    Failure   Level
a - Magic Dart            Conj           28%        1d4       10%         1
b - Blink                 Tloc           14%        N/A       16%         2
c - Call Imp              Summ           7%         N/A       16%         2
d - Conjure Flame         Conj/Fire      5%         6-21      34%         3

Your spell library contained the following spells:

 Spells                   Type           Power      Damage    Failure   Level
 Slow                     Hex            12%        N/A       16%         1
 Mephitic Cloud           Conj/Pois/Air  4%         N/A       36%         3
 Summon Lightning Spire   Summ/Air       5%         N/A       77%         4
 Storm Form               Tmut/Air       1%         N/A       100%        7
 Maxwell's Capacitive Co  Air            1%         ∞         100%        8


Dungeon Overview and Level Annotations

Branches:
Dungeon (3/15)             Temple (0/1) D:6

Altars:
Gozag
Ru

Shops:
D:1 !


Innate Abilities, Weirdness & Mutations

You cannot wear most types of armour.
You are amphibious.
You can wear up to eight rings at the same time.
Your skin changes colour to match your surroundings (Stealth+).
Your rubbery body absorbs attacks. (AC +1, EV +1)
((You are camouflaged when in or above water. (Stealth+)))
You have tentacles for arms and can constrict up to eight enemies at once.


Message History

The centaur hits you.
* * * LOW HITPOINT WARNING * * *
The centaur kicks you but does no damage.
You hit the centaur.
The centaur is heavily wounded.
The centaur hits you but does no damage.
The centaur kicks you but does no damage.
You barely miss the centaur.
The centaur is heavily wounded.
Your crimson imp blinks!
The centaur hits you but does no damage.
The centaur kicks you but does no damage.
You hit the centaur but do no damage.
The centaur is heavily wounded.
The centaur hits you but does no damage.
The centaur kicks you but does no damage.
You barely miss the centaur.
The centaur is heavily wounded.
The centaur hits you but does no damage.
The centaur kicks you but does no damage.
Unknown command.
Unknown command.
Unknown command.
Unknown command.
You barely miss the centaur.
The centaur is heavily wounded.
The centaur hits you but does no damage.
The centaur kicks you but does no damage.
You hit the centaur but do no damage.
The centaur is heavily wounded.
The centaur hits you but does no damage.
The centaur kicks you but does no damage.
You hit the centaur but do no damage.
The centaur is heavily wounded.
You completely miss the centaur.
The centaur is heavily wounded.
You feel less wooden.
The +2 hat of the Skies Above {rCorr Dex+8} unmelds from your body.
The centaur misses you. x2; The centaur hits you.
You die...

****** #.....# ,,,,,* #.....#
######## ****,* #######.....#
#..)...#
****,**#...........######.##...##
*>,,,,,............'......#.._..#
*,,*,**#.#...#.....########.....#
*,,*,* #....,###5### #######
*,,*,**#.c.,,* #c# *,,
,,,*,,,...,,,###@### *,,
,,,,***##,,,,#...5.# *,, ,,,,*
*,,,,#...).# *,,
,,,,*****,,,,#.....# *,,
,,,,,,,,,,,,,#.....# *,,
,,,,,****,,,,#.....# *,,
,,,,,,,,,,<*,#.....# *,,
,,,,,*******,#.....# *,,
,,,,,,,,,,,,,#######* *,,


You could see a centaur (ally target), a white imp and a friendly crimson imp
(summoned).

Vanquished Creatures
  An adder (D:2)
  2 orcs (D:6)
  A bat (D:1)
  An endoplasm (D:1)
  2 giant cockroaches
  4 hobgoblins
  A ball python (D:1)
  A frilled lizard (D:2)
  A goblin (D:1)
  3 rats (D:1)
17 creatures vanquished.

Notes
Turn   | Place    | Note
-------+----------+-------------------------------------------
     0 | D:1      | Doot the Octopode Hedge Wizard began the quest for the Orb.
     0 | D:1      | Reached XP level 1. HP: 11/11 MP: 4/4
   336 | D:1      | Reached XP level 2. HP: 17/17 MP: 0/6
   391 | D:1      | Found Zegazigy's Distillery.
   416 | D:1      | Learned a level 2 spell: Blink
   419 | D:1      | Learned a level 2 spell: Call Imp
   896 | D:2      | Reached XP level 3. HP: 21/21 MP: 5/8
   979 | D:2      | Learned a level 3 spell: Conjure Flame
   980 | D:3      | Found an opulent altar of Gozag.
  1015 | D:3      | You fall into a shaft and drop 3 floors!
  1015 | D:6      | Found a sacrificial altar of Ru.
  1109 | D:6      | Noticed a centaur
  1121 | D:6      | Identified a scroll of acquirement
  1122 | D:6      | Acquired the +2 hat of the Skies Above {rCorr Dex+8}
  1149 | D:6      | HP: 1/21 [centaur (6)]
  1200 | D:6      | Slain by a centaur

Illustrated notes

Levels and vault maps discovered:
D:1:      dpeg_arrival_rooms_c, layout_rooms, serial_shops, shop,
          dreamdust_ecumenical_altar_drowned_temple
D:2:      layout_loops_ring, corexii_item_surrounded_by_moat
D:3:      layout_basic, grunt_gozag_statues
D:6:      old_forge, layout_basic, mainiacjoe_overflow_alcove_1,
          minmay_temple_entry_from_below_a, uniq_maggie

Action                   || total
-------------------------++-------
Melee: Dagger            ||    62
       Tentacles         ||     5
       Constrict         ||     5
       Punch             ||     1
 Cast: Magic Dart        ||    33
       Call Imp          ||     4
  Use: Scroll            ||     4
       Potion            ||     4
 Stab: Sleeping          ||     2
Armor: Skin              ||   110
Dodge: Dodged            ||    33
